 Dungeon Crawl Stone Soup version 0.27.1-1-g398f81649c (webtiles) character file.

Game seed: 9876198735507620973

99 funkygono the Firebug (level 4, -2/24 HPs)
             Began as a Gargoyle Fire Elementalist on Sept 15, 2021.
             Slain by Crazy Yiuf (6 damage)
             ... while paralysed by Crazy Yiuf
             ... on level 3 of the Dungeon.
             The game lasted 00:04:08 (3095 turns).

funkygono the Firebug (Gargoyle Fire Elementalist)  Turns: 3095, Time: 00:04:09

Health: -2/24      AC:  8    Str: 11    XL:     4   Next: 72%
Magic:  5/8        EV:  2    Int: 17    God:
Gold:   122        SH:  0    Dex: 10    Spells: 5/9 levels left

rFire    . . .     SeeInvis .   j - +1 whip
rCold    . . .     Faith    .   (no shield)
rNeg     + . .     Spirit   .   a - +1 robe
rPois    ∞         Reflect  .   (no helmet)
rElec    +         Harm     .   f - +0 cloak
rCorr    .         Rampage  .   (no gloves)
Will     .....                  l - +0 pair of boots
Stlth    ++........             (no amulet)
HPRegen  0.08/turn              (no ring)
MPRegen  0.11/turn              (no ring)

@: paralysed
A: sickness immunity, AC +3, negative energy resistance 1, electricity
resistance, torment resistance 1, petrification resistance
a: no special abilities


You were on level 3 of the Dungeon.
You visited 1 branch of the dungeon, and saw 3 of its levels.

You collected 122 gold pieces.

Inventory:

Hand Weapons
 j - a +1 whip (weapon)
Missiles
 b - 112 stones
Armour
 a - a +1 robe (worn)
 f - a +0 cloak (worn)
 l - a +0 pair of boots (worn)
Wands
 k - a wand of polymorph (8)
Scrolls
 h - 2 scrolls of teleportation
Potions
 c - 2 potions of lignification
 d - a potion of cancellation {unknown}
 e - 2 potions of curing {unknown}
 g - a potion of might {unknown}
 i - a potion of magic {unknown}


   Skills:
 + Level 1.6 Dodging
 - Level 2.1 Stealth
 * Level 3.0 Spellcasting
 * Level 2.3 Conjurations
 * Level 4.1 Fire Magic


You had 5 spell levels left.
You knew the following spells:

 Your Spells              Type           Power      Damage    Failure   Level
a - Foxfire               Conj/Fire      52%        2x1d6     4%          1
b - Conjure Flame         Conj/Fire      13%        6-21      14%         3

Your spell library contained the following spells:

 Spells                   Type           Power      Damage    Failure   Level
 Beastly Appendage        Tmut           4%         N/A       17%         1
 Inner Flame              Hex/Fire       9%         N/A       22%         3
 Wereblood                Tmut           2%         N/A       26%         2
 Sticky Flame             Conj/Fire      13%        2d4       41%         4
 Spider Form              Tmut/Pois      1%         N/A       45%         3
 Fireball                 Conj/Fire      6%         3d5       77%         5


Dungeon Overview and Level Annotations

Branches:
Dungeon (3/15)

Altars:
Trog

Annotations:
D:3 Crazy Yiuf


Innate Abilities, Weirdness & Mutations

You are immune to sickness and miasma.
Your stone body is resilient. (AC +3)
You are immune to poison.
You resist negative energy. (rN+)
You are resistant to electric shocks. (rElec)
You are resistant to unholy torment.
You are immune to petrification.


Message History

Found a stone staircase leading down.
Found a short sword.
You see here a +0 short sword.
Found a mace.
Found a runed translucent door.
A bat is nearby!
Casting: Foxfire (safe; 4% risk of failure)
Confirm with . or Enter, or press ? or * to list all spells.
You conjure some foxfire!
The foxfire hits the bat.
You kill the bat!
Casting: Foxfire (safe; 4% risk of failure)
Confirm with . or Enter, or press ? or * to list all spells.
You conjure some foxfire!
Your foxfire dissipates!
Your foxfire dissipates!
Your foxfire dissipates!
Magic restored.
Crazy Yiuf shouts!
You open the door.
Crazy Yiuf grits, "Citrus poople King!"
Crazy Yiuf drinks a potion.
Crazy Yiuf flickers and vanishes!
Deactivating autopickup; reactivate with Ctrl-A.
Casting: Foxfire (safe; 4% risk of failure)
Confirm with . or Enter, or press ? or * to list all spells.
You conjure some foxfire!
Casting: Foxfire (safe; 4% risk of failure)
Confirm with . or Enter, or press ? or * to list all spells.
You conjure some foxfire!
The foxfire hits something. x2
Casting: Foxfire (safe; 4% risk of failure)
Confirm with . or Enter, or press ? or * to list all spells.
You conjure some foxfire!
The foxfire hits something but does no damage.
The foxfire hits something.
Something hits you!
You suddenly lose the ability to move!
The foxfire hits something but does no damage.
The foxfire hits something.
Something hits you!
Ouch! That really hurt!
* * * LOW HITPOINT WARNING * * *
Something freezes you.
You die...

.#........###
...
.#..........#
#'#
###########.#
♣♣.♣ #.# ♣.♣♣
#.# ♣♣.♣ #.#
♣.♣♣ #.#
♣♣.♣♣ #.#
♣...♣♣ #.#
♣.@..♣ #.#
#§...#
#.###....#
#........#
#####...##
#####


There were no monsters in sight!

Vanquished Creatures
  Jessica (D:3)
  2 adders (D:2)
  A worm (D:3)
  3 ball pythons
  5 endoplasms
  3 giant cockroaches (D:2)
  3 goblins
  9 hobgoblins
  3 quokkas
  4 bats
  A frilled lizard (D:1)
  7 kobolds
  5 rats
47 creatures vanquished.

Vanquished Creatures (others)
  146 foxfires
146 creatures vanquished.

Grand Total: 193 creatures vanquished

Notes
Turn   | Place    | Note
-------+----------+-------------------------------------------
     0 | D:1      | funkygono the Gargoyle Fire Elementalist began the quest
                  | for the Orb.
     0 | D:1      | Reached XP level 1. HP: 10/10 MP: 3/3
   257 | D:1      | Reached XP level 2. HP: 13/15 MP: 3/5
   487 | D:1      | Found a faded altar of an unknown god.
  1211 | D:2      | Reached XP level 3. HP: 19/19 MP: 3/6
  1215 | D:2      | Learned a level 3 spell: Conjure Flame
  1659 | D:2      | Found a bloodstained altar of Trog.
  2361 | D:3      | Noticed Jessica
  2367 | D:3      | Reached XP level 4. HP: 24/24 MP: 5/8
  2725 | D:3      | Killed Jessica
  2726 | D:3      | Reached skill level 4 in Fire Magic
  2964 | D:3      | Found a runed translucent door.
  2965 | D:3      | Noticed Crazy Yiuf
  3094 | D:3      | Paralysed by something for 5 turns
  3095 | D:3      | Slain by Crazy Yiuf

Illustrated notes

Levels and vault maps discovered:
D:1:      dpeg_arrival_rhombi, layout_loops_ring,
          hellmonk_ecumenical_altar_lost_god
D:2:      minmay_chambers_of_twos, layout_basic, basic_altar,
          kennysheep_generic_room_2
D:3:      layout_basic, uniq_jessica, uniq_crazy_yiuf_cottage

Skill      XL: |  1  2  3  4 |
---------------+-------------+-----
Conjurations   | 2 |  2.3
Spellcasting   | 3 |  3.0
Fire Magic     | 4 |  4.1
Dodging        | |  1.6
Stealth        | |  2.1

Action                   |  1- 3 |  4- 6 || total
-------------------------+-------+-------++-------
Melee: Whip              |     3 |       ||     3
 Cast: Foxfire           |    69 |    18 ||    87
  Use: Scroll            |     7 |       ||     7
Armor: Robe              |     5 |     2 ||     7
Dodge: Dodged            |     3 |     2 ||     5
